 Dungeon Crawl Stone Soup version 0.32-a0-913-g739538afd8 (webtiles) character file.

Game seed: 517623877961381179

282260 Astinus the Stormcaller (level 20, -2/153 HPs)
             Began as a Human Air Elementalist on Mar 22, 2024.
             Was the Champion of Vehumet.
             Killed from afar by a deep elf elementalist (46 damage)
             ... with a blast of rock fragments
             ... on level 3 of the Elven Halls on Apr 8, 2024.
             The game lasted 04:12:29 (52799 turns).

Astinus the Stormcaller (Human Air Elementalist)   Turns: 52799, Time: 04:12:30

Health: -2/153     AC: 11    Str: 12    XL:     20   Next: 52%
Magic:  13/36      EV: 17    Int: 40    God:    Vehumet [******]
Gold:   171        SH: 15    Dex: 17    Spells: 5/43 levels left

rFire   + + .        a - +5 double sword (vamp) {longrare=g}
rCold   + . .        D - +1 kite shield {reflect}
rNeg    . . .        e - +2 robe "Yllaot" {rPois rCorr Int+4 Stlth+}
rPois   +            l - +1 helmet {Int+3}
rElec   .            j - scarf {rC+ rF+}
rCorr   +            z - +0 pair of gloves
SInv    .            n - +0 pair of boots of Rotten Leaves {^Contam Int+5 Dex+4}
Will    +++..        x - amulet of Divine Compulsion {Will++ Regen+}
Stlth   ++++         I - ring of Xom's Bemusement {AC+4 Int+6}
HPRegen 1.25/turn    J - ring of protection from fire
MPRegen 0.25/turn

%: reflection
@: corroded
A: explore regen
}: 2/15 runes: serpentine, barnacled
a: Renounce Religion


You were on level 3 of the Elven Halls.
You worshipped Vehumet.
Vehumet was exalted by your worship.
You visited 7 branches of the dungeon, and saw 34 of its levels.
You also visited: Ice Cave.

You collected 4726 gold pieces.
You spent 4555 gold pieces at shops.


Innate Abilities, Weirdness & Mutations

You regain HP and MP as you explore.


   Skills:
 - Level 12.0 Fighting
 + Level 10.0 Long Blades
 - Level 6.0 Armour
 - Level 12.0 Dodging
 - Level 5.0 Stealth
 - Level 15.0 Shields
 - Level 12.0 Spellcasting
 + Level 10.7 Conjurations
 - Level 4.0 Translocations
 - Level 10.0 Fire Magic
 - Level 8.0 Ice Magic
 + Level 17.2 Air Magic
 - Level 4.0 Earth Magic
 - Level 4.0 Alchemy


You had 5 spell levels left.
You knew the following spells:

 Your Spells              Type           Power      Damage    Failure   Level
a - Ozocubu's Armour      Ice            73%        N/A       1%          3
b - Summon Lightning Spi  Summ/Air       75%        N/A       1%          4
c - Arcjolt               Conj/Air       47%        1d57      1%          5
d - Plasma Beam           Fire/Air       46%        2x1d61    1%          6
f - Freezing Cloud        Conj/Ice/Air   44%        6-21      1%          5
k - Blink                 Tloc           100%       N/A       1%          2
m - Mephitic Cloud        Conj/Alch/Air  83%        N/A       1%          3
p - Apportation           Tloc           100%       N/A       1%          1
M - Maxwell's Capacitive  Air            52%        ∞         4%          8
Z - Shock                 Conj/Air       100%       1d9       0%          1

Your spell library contained the following spells:

 Spells                   Type           Power      Damage    Failure   Level
 Fire Storm               Conj/Fire      41%        8d10      100%        9
 Polar Vortex             Ice            36%        12d4*     100%        9
 Shatter                  Erth           27%        3d23*     100%        9
 Static Discharge         Conj/Air       100%       3-8/arc   0%          2
 Swiftness                Air            100%       N/A       0%          3
 Airstrike                Air            52%        2d(8-24)  0%          4
 Foxfire                  Conj/Fire      100%       2x1d9     1%          1
 Magic Dart               Conj           100%       1d8       1%          1
 Sting                    Conj/Alch      100%       1d9       1%          1
 Lesser Beckoning         Tloc           100%       N/A       1%          2
 Mercury Vapours          Alch/Air       100%       N/A       1%          2
 Searing Ray              Conj           100%       2d8       1%          2
 Dazzling Flash           Conj/Hex       100%       N/A       1%          3
 Maxwell's Portable Pile  Tloc           54%        2d(10-29) 1%          3
 Stone Arrow              Conj/Erth      100%       3d13      1%          3
 Summon Ice Beast         Ice/Summ       54%        N/A       1%          3
 Fulminant Prism          Conj/Alch      35%        3d17      1%          4
 Ignite Poison            Fire/Alch      68%        N/A       1%          4
 Olgreb's Toxic Radiance  Alch           54%        N/A       1%          4
 Sticky Flame             Fire/Alch      68%        2d11      1%          4
 Fireball                 Conj/Fire      41%        3d17      1%          5
 Necrotise                Necr           96%        1d8       2%          1
 Summon Small Mammal      Summ           96%        N/A       2%          1
 Silence                  Hex/Air        37%        N/A       2%          5
 Summon Blazeheart Golem  Fire/Summ      59%        N/A       3%          4
 Call Imp                 Summ           48%        N/A       4%          2
 Jinxbite                 Hex            48%        N/A       4%          2
 Lee's Rapid Deconstruct  Erth           27%        3d14*     4%          5
 Leda's Liquefaction      Alch/Erth      27%        N/A       5%          4
 Passage of Golubria      Tloc           54%        N/A       5%          4
 Call Canine Familiar     Summ           24%        N/A       9%          3
 Fugue of the Fallen      Necr           24%        N/A       9%          3
 Vampiric Draining        Necr           24%        2d7       9%          3
 Yara's Violent Unravell  Hex/Alch       20%        3d9       9%          5
 Anguish                  Hex/Necr       12%        N/A       26%         4
 Cause Fear               Hex            12%        N/A       26%         4
 Martyr's Knell           Necr/Summ      24%        N/A       26%         4
 Curse of Agony           Necr           24%        N/A       58%         5
 Summon Mana Viper        Hex/Summ       24%        N/A       58%         5
 Starburst                Conj/Fire      41%        6d12      1%          6
 Permafrost Eruption      Ice/Erth       32%        2x4d8     10%         6
 Ignition                 Fire           40%        3d12      56%         8
 Chain Lightning          Conj/Air       47%        3d62      89%         9
 Manifold Assault         Tloc           27%        N/A       99%         7
 Enfeeble                 Hex            12%        N/A       100%        7
 Monstrous Menagerie      Summ           12%        N/A       100%        7
 Dragon's Call            Summ           12%        N/A       100%        9

Inventory:

Hand Weapons
 a - a +5 vampiric double sword (weapon) {longrare=g}
   (You took it off Donald on level 2 of the Snake Pit)
 c - a +7 scimitar of freezing {long}
   (You took it off a wight on level 6 of the Dungeon)
Armour
 e - the +2 robe "Yllaot" (worn) {rPois rCorr Int+4 Stlth+}
   (You took it off a deep elf pyromancer on level 1 of the Elven Halls)

   Int+4:     It affects your intelligence (+4).
   rPois:     It protects you from poison.
   rCorr:     It protects you from acid and corrosion.
   Stlth+:    It makes you more stealthy.
 g - a +2 robe of resistance
   (You took it off a merfolk impaler on level 3 of the Lair of Beasts)
 j - a scarf of resistance (worn)
   (You found it on level 2 of the Shoals)
 l - a +1 helmet of intelligence (worn)
   (You bought it in a shop on level 12 of the Dungeon)
 n - the +0 pair of boots of Rotten Leaves (worn) {^Contam Int+5 Dex+4}
   (You found it on level 2 of the Shoals)

   Int+5:     It affects your intelligence (+5).
   Dex+4:     It affects your dexterity (+4).
   ^Contam:   It causes magical contamination when unequipped.
 z - a +0 pair of gloves (worn)
   (You found it on level 6 of the Dungeon)
 D - a +1 kite shield of reflection (worn)
   (You took it off a naga warrior on level 2 of the Snake Pit)
 R - a +2 cloak of willpower
   (You found it on level 3 of the Shoals)
Magical Staves
 b - a staff of air {!astaff}
   (You took it off a kobold brigand on level 9 of the Dungeon)
Jewellery
 f - a ring of wizardry
   (You found it on level 1 of the Lair of Beasts)
 v - a ring of protection from cold
   (You found it on level 4 of the Dungeon)
 x - the amulet of Divine Compulsion (around neck) {Will++ Regen+}
   (You found it on level 10 of the Dungeon)

   [amulet of regeneration]

   Will++:    It greatly increases your willpower.
   Regen+:    It increases your rate of health regeneration.
 B - the ring "Pekof" {rPois Int+5}
   (You bought it in a shop on level 1 of the Snake Pit)

   [ring of poison resistance]

   Int+5:     It affects your intelligence (+5).
   rPois:     It protects you from poison.
 I - the ring of Xom's Bemusement (left hand) {AC+4 Int+6}
   (You found it on level 4 of the Lair of Beasts)

   [ring of protection]

   AC+4:      It affects your AC (+4).
   Int+6:     It affects your intelligence (+6).
 J - a ring of protection from fire (right hand)
   (You found it on level 4 of the Lair of Beasts)
 S - the ring "Ynu Hol" {rN++ rCorr Str+6}
   (You found it on level 4 of the Shoals)

   [ring of strength]

   Str+6:     It affects your strength (+6).
   rN++:      It greatly protects you from negative energy.
   rCorr:     It protects you from acid and corrosion.
 X - a ring of see invisible
   (You found it on level 4 of the Shoals)
 Z - a +5 ring of evasion
   (You found it on level 15 of the Dungeon)
Wands
 r - a wand of paralysis (4)
   (You found it on level 1 of the Elven Halls)
 C - a wand of digging (4)
   (You found it on level 2 of the Elven Halls)
 E - a wand of acid (19)
   (You found it on level 2 of the Shoals)
 F - a wand of roots (7)
   (You found it on level 6 of the Dungeon)
 L - a wand of flame (22)
   (You found it on level 7 of the Dungeon)
Scrolls
 h - 3 scrolls of butterflies
 q - a scroll of blinking {!r}
 u - 15 scrolls of teleportation {@r4}
 K - 8 scrolls of poison {!r}
 M - 3 scrolls of fog
 O - 2 scrolls of fear
Potions
 d - 5 potions of might
 m - a potion of brilliance
 o - 4 potions of invisibility
 p - 4 potions of resistance
 s - 9 potions of curing {@q1}
 t - 11 potions of heal wounds {@q2}
 A - 5 potions of enlightenment
 P - 4 potions of cancellation
 T - a potion of haste {@q3}
 U - 3 potions of attraction {!q}

Dungeon Overview and Level Annotations

Branches:
Dungeon (15/15) Zot: 22997  Temple (1/1) D:5 Zot: 5957    Lair (5/5) D:10 Zot: 21541
 Shoals (4/4) Lair:3 Zot: 18397   Snake (4/4) Lair:3 Zot: 16193   Slime (0/5) Lair:5
    Orc (2/2) D:12 Zot: 9131     Elf (3/3) Orc:2 Zot: 14128  Vaults (0/5) D:13
 Depths (0/4) D:15          IceCv (visited)

Altars:
Ashenzari
Cheibriados
Dithmenos
Elyvilon
Fedhas
Gozag
Hepliaklqana
Kikubaaqudgha
Makhleb
Nemelex Xobeh
Okawaru
Qazlal
Ru
Sif Muna
Trog
Uskayaw
Vehumet
Wu Jian
Xom
Yredelemnul
Zin
The Shining One
Beogh
Jiyva

Shops:
D:1 (??(?   D:2 [   D:8 :   D:9 ?   D:11 *   D:12 [   Orc:1 ?   Orc:2 ([=*
Elf:1 ![*   Elf:2 [   Elf:3 (?   Shoals:4 :   Snake:1 (=:=

Annotations:
Lair:2 1 runed translucent door, Biggs's ghost, journeyman CoHu
Elf:2 3 runed translucent doors

,,,,,,,,,,,,..##**##....,,,,,,,,,
,,,,,,,,,,,,,..§##§§...e,,,,,,,,,
,,,,,,,,,,,,,,.e.°ee..,,,,,,,,,,,
,,,,**,,,,,,,,,§☼§§.,,,,,,,,**,,,
,,******,,,,,,,#e°#,,,,,,,******,
***,,,,***,,,,*#)°#*,,,,***,,,,**
*,,,,,,,,******#§)#******,,,,,,,,
,,,,,,,,,* #..# *,,,,,,,,
***,,,,*** #@.# ***,,,,** ******
#).# ****** ############).#####
#########
#.##.........).##.###.....#..
#...........#####.#......###.
#...÷.......# #.#.####..#.#
##.#.##.....# #.....##.#.##
#.#)##....## #.#.#.##.###
#.#)##.#..######<#?.(....###


You could see a deep elf death mage (empowered), a deep elf annihilator
(empowered) and a deep elf elementalist (empowered, repels missiles).


Message History

A deep elf annihilator comes into view. It is wielding a +0 rapier.
The deep elf demonologist is engulfed in freezing vapours.
The deep elf sorcerer is engulfed in freezing vapours.
You hear a shout!
Things that are here:
a +0 rapier {short}; an elf corpse; 😕 HP[-13] MP[+2]
You take 13 damage, and now have 140/153 hp.
You regained 2 mp, and now have 20/36 mp.
Casting: Arcjolt (safe; 1% risk of failure)
Confirm with . or Enter, or press ? or * to list all spells.
Aiming: Freezing Cloud (safe; 1% risk of failure)
Press: ? - help, Dir - move target, f - deep elf high priest
Aim: a deep elf high priest, wielding a +0 short sword and wearing a +0 ring mail The deep elf high priest is engulfed in freezing vapours. x2
The deep elf high priest utters an invocation to its god.
The deep elf high priest begins emitting a brilliant aura!
The deep elf annihilator is empowered by the deep elf high priest's aura!
The deep elf sorcerer is empowered by the deep elf high priest's aura!
The deep elf sorcerer is engulfed in freezing vapours.
The deep elf annihilator is engulfed in freezing vapours. 😕 HP[+1] MP[-4]
You lost 4 mp, and now have 16/36 mp.
The deep elf high priest is engulfed in freezing vapours. x2
The deep elf annihilator is engulfed in freezing vapours.
The deep elf annihilator gestures wildly while chanting.
The deep elf annihilator blinks! 😕 HP[+2]
You regained 2 hp, and now have 143/153 hp.
You hit the deep elf high priest.
You feel better.
A deep elf high priest comes into view.
The deep elf high priest is engulfed in freezing vapours.
The deep elf high priest hits you with a +3 antimagic quarterstaff!
You feel your power leaking away.
The deep elf high priest is engulfed in freezing vapours.
A deep elf sorcerer comes into view. It is wielding a +0 heavy quarterstaff.
A deep elf elementalist comes into view.
It is wielding a +0 club.
A deep elf sorcerer comes into view.
It is wielding a +2 great sword of protection.
A deep elf death mage comes into view.
It is wielding a +0 rapier. 😕 HP[-13] MP[-3]
You take 13 damage, and now have 130/153 hp.
You lost 3 mp, and now have 13/36 mp.
Unknown command.
The deep elf high priest is engulfed in freezing vapours.
The deep elf elementalist is engulfed in freezing vapours.
The deep elf sorcerer is engulfed in freezing vapours.
The deep elf sorcerer casts a spell at you.
The bolt of acid hits you! You resist. The acid corrodes you!
You see here a scroll of identify {@r1}. 😕 HP[-14]
You take 14 damage, and now have 116/153 hp.
Unknown command.
The deep elf high priest is engulfed in freezing vapours.
The deep elf sorcerer is engulfed in freezing vapours.
The deep elf sorcerer wildly gestures.
The deep elf sorcerer glows brightly for a moment.
The deep elf high priest is engulfed in freezing vapours.
The deep elf elementalist is engulfed in freezing vapours. 😕 HP[+2] MP[+1]
You regained 2 hp, and now have 118/153 hp.
Casting: Freezing Cloud (safe; 1% risk of failure)
Confirm with . or Enter, or press ? or * to list all spells.
Electricity surges outward!
The deep elf high priest is struck by an electric surge!!!
You kill the deep elf high priest!
Vehumet accepts your kill.
You feel your power returning.
The deep elf high priest is struck by an electric surge!!
The deep elf sorcerer is struck by an electric surge!!!
You kill the deep elf sorcerer!
Vehumet accepts your kill.
You feel your power returning.
The deep elf elementalist is struck by an electric surge.
The deep elf elementalist is engulfed in freezing vapours.
The deep elf elementalist casts a spell next to you.
The wall shatters!
The blast of rock fragments hits you!! 😮 HP[-29] MP[+1]
You take 29 damage, and now have 89/153 hp.
You slash the deep elf high priest!
You kill the deep elf high priest!
Vehumet accepts your kill.
You feel your power returning.
The deep elf elementalist is engulfed in freezing vapours.
Your Long Blades skill increases to level 10! 😮 HP[+1] MP[+2]
You regained 2 mp, and now have 17/36 mp.
Casting: Arcjolt (safe; 1% risk of failure)
Confirm with . or Enter, or press ? or * to list all spells.
Electricity surges outward!
The deep elf high priest utters a dark prayer and points at you.
Your life force is offered up.
The deep elf elementalist is healed.
The deep elf elementalist casts a spell next to you.
The wall shatters!
The blast of rock fragments hits you!!!
* * * LOW HITPOINT WARNING * * *
😨 HP[-48] MP[-5]
You take 48 damage, and now have 42/153 hp.
MASSIVE DAMAGE!! (PAUSE)
You lost 5 mp, and now have 12/36 mp.
The deep elf elementalist casts a spell next to you.
The wall shatters!
The blast of rock fragments hits you!!!
You die...

Skill      XL: |  1  2  3  4  5  6  7  8  9 10 11 12 13 14 15 16 17 18 19 20 |
---------------+-------------------------------------------------------------+-----
Conjurations   | 2 3 4 5 6 7 8 9 10 | 10.7
Air Magic      | 4 5 6 8 10 12 13 14 16 17 | 17.2
Spellcasting   | 3 4 5 6 8 9 11 12 | 12.0
Shields        | 1 2 3 4 5 11 15 | 15.0
Fighting       | 3 4 6 9 10 12 | 12.0
Stealth        | 4 5 |  5.0
Long Blades    | 3 7 8 10 | 10.0
Earth Magic    | 3 4 |  4.0
Ice Magic      | 4 6 8 |  8.0
Alchemy        | 4 |  4.0
Dodging        | 4 6 9 10 12 | 12.0
Fire Magic     | 2 8 10 | 10.0
Armour         | 6 |  6.0
Translocations | 4 |  4.0

Action                     |  1- 3 |  4- 6 |  7- 9 | 10-12 | 13-15 | 16-18 | 19-21 || total
---------------------------+-------+-------+-------+-------+-------+-------+-------++-------
  Melee: Whip              |    23 |    66 |    66 |    24 |       |       |       ||   179
         Scimitar          |       |       |       |    87 |   220 |   287 |   191 ||   785
         Staff             |       |       |       |     8 |    14 |       |     3 ||    25
         Double sword      |       |       |       |       |       |       |    15 ||    15
   Fire: Sling             |       |       |     3 |       |       |       |       ||     3
  Throw: Dart              |       |       |     1 |     9 |     1 |     1 |       ||    12
         Throwing net      |       |       |       |       |       |     2 |       ||     2
   Cast: Shock             |    56 |    75 |   137 |   200 |    34 |    23 |     1 ||   526
         Static Discharge  |     1 |    21 |    43 |   129 |    26 |       |       ||   220
         Airstrike         |       |       |    11 |    68 |    51 |    19 |     1 ||   150
         Freezing Cloud    |       |       |       |    14 |   125 |   266 |   128 ||   533
         Stone Arrow       |       |       |       |     2 |    17 |     1 |       ||    20
         Arcjolt           |       |       |       |       |    55 |    62 |    69 ||   186
         Summon Lightning  |       |       |       |       |    60 |    31 |       ||    91
         Ozocubu's Armour  |       |       |       |       |    13 |    21 |     1 ||    35
         Plasma Beam       |       |       |       |       |    40 |   105 |    59 ||   204
         Blink             |       |       |       |       |       |     3 |     2 ||     5
         Maxwell's Capacit |       |       |       |       |       |       |    12 ||    12
  Evoke: Wand              |       |       |       |     6 |     4 |     9 |     3 ||    22
    Use: Scroll            |     2 |     3 |     8 |    13 |    11 |     6 |    11 ||    54
         Potion            |       |     2 |     1 |     3 |     2 |     4 |     4 ||    16
   Stab: Sleeping          |     1 |     2 |     1 |     1 |     3 |       |     1 ||     9
         Distracted        |       |     1 |       |       |    10 |     1 |       ||    12
         Held in net/web   |       |       |       |       |       |     3 |       ||     3
 Armour: Robe              |    22 |    87 |   145 |    92 |       |       |   143 ||   489
         Acid dragon scale |       |       |       |   277 |   238 |       |       ||   515
         Ring mail         |       |       |       |       |   116 |   154 |       ||   270
         Scale mail        |       |       |       |       |       |   392 |   169 ||   561
  Dodge: Dodged            |    27 |    58 |    83 |   134 |   183 |   235 |   154 ||   874
  Block: Buckler           |       |    20 |    31 |    73 |    87 |    49 |       ||   260
         Kite shield       |       |       |       |       |       |   216 |   270 ||   486
         Reflection        |       |       |       |       |       |    60 |    27 ||    87

Levels and vault maps discovered:
D:1:      lemuel_arrival_broad_hall, layout_basic, serial_shops, shop, shop,
          shop, nicolae_square_shop, nicolae_shop_waterfront,
          basic_ecumenical_altar, minmay_pentomino_x2
D:2:      layout_loops_ring, serial_shops, shop, grunt_decor_resistance,
          minmay_misc_feat_rows, dreamdust_princess_bridge,
          nicolae_concentric_dashed_squares_wild, minmay_misc_feat_columns
D:3:      layout_loops_corners, mainiacjoe_overflow_six_doors_small,
          nicolae_tso_besieged_by_evil, elyvilon_altar_1,
          mainiacjoe_overflow_boulevard
D:4:      layout_loops_ring, kennysheep_generic_room_3
D:5:      layout_rooms, minmay_temple_entry_fiery, minmay_misc_feat_iff,
          uniq_blork_the_orc
D:6:      layout_loops_ring, kennysheep_nub, uniq_grinder, uniq_pikel
D:7:      regret_index_malice_mire, layout_loops_ring,
          nicolae_qazlal_style_of_elements, dancing_weapons_uskayaw,
          okawaru_gym_becter, minmay_door_square
D:8:      layout_basic, grunt_gozag_statues, nicolae_ashenzari_skybound,
          nicolae_shop_i_like_big_books
D:9:      minmay_imperfect_grid, layout_irregular_city,
          nicolae_overflow_crystal_walls, nicolae_nh_oracle_at_delphi,
          uniq_maurice
D:10:     layout_basic, nemelex_altar_shiori, dpeg_lair_monsters,
          small_statue_alley_a, minmay_the_grid_2x2
          [minmay_the_grid_holed_spiral, minmay_the_grid_fan,
          minmay_the_grid_medium_cups, minmay_the_grid_prize_trominoes],
          uniq_erica, uniq_nergalle
D:11:     layout_irregular_city, nicolae_shop_gadgets, uniq_amaemon
D:12:     layout_basic, erik_orc_3, serial_shops, shop
D:13:     layout_long_grid, david_vaults_5, portal_ice_cave_rime
D:14:     hourglass_vault, layout_cave_pools, minmay_crystal_room,
          serial_bayou_ford_a
D:15:     grunt_enter_depths_hoard, layout_loops_ring,
          chequers_serial_rivers_room_b, uniq_roxanne
Temple:   hellmonk_temple_divided_pantheon
Lair:1:   beast_lair_carwin_large_3, layout_loops_ring, lemuel_fruit_tree,
          lemuel_fruit_fields
Lair:2:   layout_long_grid, ebering_ghost_xom
Lair:3:   layout_small_grid, minmay_shoals_entry_lonely_mermaid,
          minmay_snake_entry_six_corridors, st_stairs_13
Lair:4:   layout_long_grid
Lair:5:   minmay_lair_end_frog_pond, layout_regular_city, slime_entry_1
Shoals:1: layout_shoals
Shoals:2: layout_shoals, lemuel_altar_in_water, nicolae_shoals_spectral_cove
Shoals:3: layout_shoals, uniq_polyphemus, uniq_ilsuiw, uniq_bai_suzhen
Shoals:4: shoals_end_simple, layout_shoals, shoals_ilsuiw_ice, serial_shops,
          shop
Snake:1:  layout_onion, serial_shops, shop, nicolae_large_snake_swirl,
          minmay_shop_grove, grunt_megastairs_5, serial_bayou_shore_a,
          uniq_nikola
Snake:2:  layout_layer_cave, grunt_megastairs_3, uniq_donald
Snake:3:  layout_cave_shapes, nicolae_snake_omega
Snake:4:  johnstein_snake_rune_scales, layout_misc_corridors, basic_altar,
          uniq_saint_roka
Orc:1:    layout_caves, serial_shops, nicolae_shop_tiny_glass
Orc:2:    grunt_orc_cross, layout_diamond_mine, nicolae_orc_bridge_out,
          uniq_jorgrun, uniq_erolcha, uniq_rupert
Elf:1:    nicolae_elf_arrival_no_cutting_in_line, layout_geoelf_diagonals,
          nicolae_elf_crossing_hall, minmay_shop_star
Elf:2:    nicolae_elf_blades_splatter_lattice [nicolae_blade_entry_pointy_end],
          layout_rooms, serial_shops, shop, sword_in_stone, uniq_azrael,
          uniq_asterion
Elf:3:    minmay_elf_hall_spiked, layout_loops_cross, serial_shops,
          nicolae_shop_stone, shop

Notes
Turn   | Place    | Note
-------+----------+-------------------------------------------
     0 | D:1      | Astinus the Human Air Elementalist began the quest for the
                  | Orb.
     0 | D:1      | Reached XP level 1. HP: 13/13 MP: 3/3
     0 | D:1      | magus.rc [v1.9.6]
   132 | D:1      | Found Qaed's Magic Scroll Shop.
   317 | D:1      | Reached XP level 2. HP: 19/19 MP: 0/5
   320 | D:1      | Learned a level 2 spell: Static Discharge
   469 | D:1      | Found Faaps's Weapon Shoppe.
   532 | D:1      | Found Kisehudu's Magic Scroll Emporium.
   565 | D:1      | You add the spells Sting, Olgreb's Toxic Radiance and
                  | Yara's Violent Unravelling to your library.
   565 | D:1      | Got Sif Muna's Codex of Leucosis
   571 | D:1      | Bought a scroll of identify for 20 gold pieces
   672 | D:1      | Reached XP level 3. HP: 24/24 MP: 2/6
   946 | D:1      | Found a faded altar of an unknown god.
   967 | D:1      | Found Xyterph's Antique Weapon Emporium.
  1020 | D:1      | Found Pemump's Magic Scroll Shop.
  1318 | D:2      | Found Gebompeq's Armour Shoppe.
  1527 | D:2      | HP: 4/24 [burnt (4)]
  1528 | D:2      | Reached skill level 2 in Conjurations
  1528 | D:2      | Reached skill level 4 in Air Magic
  1528 | D:2      | Reached XP level 4. HP: 5/30 MP: 0/8
  2343 | D:3      | Found a sacrificial altar of Ru.
  2586 | D:3      | Found a white marble altar of Elyvilon.
  2847 | D:3      | Found a glowing golden altar of the Shining One.
  2880 | D:3      | Reached XP level 5. HP: 34/35 MP: 3/9
  3024 | D:3      | Reached skill level 3 in Spellcasting
  3122 | D:3      | Reached skill level 1 in Shields
  3461 | D:3      | Found a shimmering altar of Xom.
  3689 | D:4      | HP: 8/35 [poisoned by an adder]
  3847 | D:4      | Identified the +2 cloak "Bighaff" {rElec rCorr Str+3
                  | Slay-4}
  3871 | D:4      | Reached skill level 5 in Air Magic
  3871 | D:4      | Reached XP level 6. HP: 28/41 MP: 0/10
  4002 | D:4      | Reached skill level 3 in Conjurations
  4144 | D:4      | Learned a level 4 spell: Airstrike
  4390 | D:4      | Reached skill level 2 in Shields
  4565 | D:4      | Reached XP level 7. HP: 27/46 MP: 4/12
  5048 | D:5      | Entered Level 5 of the Dungeon
  5051 | D:5      | Identified the +2 sling of Ynaitwy {elec, +Blink rC++}
  5054 | D:5      | magus.rc [v1.9.6]
  5161 | D:5      | Reached skill level 6 in Air Magic
  5347 | D:5      | Reached skill level 4 in Spellcasting
  5351 | D:5      | Reached skill level 3 in Shields
  5436 | D:5      | You pick up a book of Battle and begin reading...
  5436 | D:5      | You add the spells Fugue of the Fallen, Ozocubu's Armour
                  | and Manifold Assault to your library.
  5448 | D:5      | Reached skill level 4 in Conjurations
  5448 | D:5      | Reached XP level 8. HP: 52/52 MP: 12/14
  5543 | D:5      | Upgraded the game from 0.32-a0-799-g95e1662365 to
                  | 0.32-a0-818-gb728d0252e
  5543 | D:5      | magus.rc [v1.9.6]
  5689 | D:5      | Noticed Blork the orc
  5868 | D:5      | Found a staircase to the Ecumenical Temple.
  5874 | Temple   | Found a transporter.
  5874 | Temple   | Found a transporter.
  5874 | Temple   | Found a transporter.
  5874 | Temple   | Found a transporter.
  5874 | Temple   | Entered the Ecumenical Temple
  5901 | Temple   | Became a worshipper of Vehumet
  6152 | D:5      | You pick up a book of Misfortune and begin reading...
  6152 | D:5      | You add the spells Jinxbite and Enfeeble to your library.
  6215 | D:5      | Killed Blork the orc
  6216 | D:5      | Reached skill level 7 in Air Magic
  6510 | D:6      | Noticed Grinder
  6544 | D:6      | Paralysed by Grinder for 4 turns
  6552 | D:6      | Killed Grinder
  6553 | D:6      | Reached skill level 4 in Shields
  6805 | D:6      | Noticed Pikel
  6822 | D:6      | Killed Pikel
  6823 | D:6      | Reached skill level 5 in Spellcasting
  6823 | D:6      | Reached skill level 5 in Conjurations
  6823 | D:6      | Reached skill level 8 in Air Magic
  6823 | D:6      | Reached XP level 9. HP: 36/57 MP: 0/17
  6969 | D:6      | Reached skill level 5 in Shields
  7391 | D:6      | Reached skill level 6 in Spellcasting
  7391 | D:6      | Reached skill level 6 in Conjurations
  7622 | D:7      | Found a stormy altar of Qazlal.
  7700 | D:7      | HP: 14/58 [orc priest/divine providence (14)]
  7704 | D:7      | Reached * piety under Vehumet
  7704 | D:7      | Offered knowledge of Magic Dart by Vehumet.
  7705 | D:7      | Reached skill level 1 in Fighting
  7925 | D:7      | Reached skill level 2 in Fighting
  7925 | D:7      | Reached skill level 3 in Stealth
  7981 | D:7      | Noticed a two-headed ogre
  7989 | D:7      | Killed a two-headed ogre
  7990 | D:7      | Reached skill level 3 in Fighting
  7990 | D:7      | Reached skill level 4 in Stealth
  7990 | D:7      | Reached XP level 10. HP: 70/70 MP: 2/19
  8254 | D:7      | Reached skill level 9 in Air Magic
  8322 | D:7      | Reached skill level 4 in Fighting
  8374 | D:7      | Reached skill level 5 in Stealth
  8814 | D:7      | Found an iron altar of Okawaru.
  9029 | D:7      | Reached skill level 10 in Air Magic
  9527 | D:7      | Noticed a +0 hand axe
  9528 | D:7      | Noticed a +5 hand axe
  9531 | D:7      | Found a hide-covered altar of Uskayaw.
  9804 | D:8      | Found Ittakiffo's Tremendous Tomes.
  9838 | D:8      | Offered knowledge of Kiss of Death by Vehumet.
 10241 | D:8      | Found a broken altar of Ashenzari.
 10296 | D:8      | Found an opulent altar of Gozag.
 10357 | D:9      | Reached skill level 1 in Long Blades
 10378 | D:9      | Found a burning altar of Makhleb.
 10426 | D:9      | Reached ** piety under Vehumet
 10452 | D:9      | Reached skill level 2 in Long Blades
 10898 | D:9      | Reached skill level 3 in Long Blades
 10910 | D:9      | Reached skill level 7 in Conjurations
 10910 | D:9      | Reached XP level 11. HP: 33/77 MP: 13/21
 10913 | D:9      | Reached skill level 4 in Long Blades
 10913 | D:9      | Reached skill level 7 in Spellcasting
 11168 | D:9      | Offered knowledge of Stone Arrow by Vehumet.
 11173 | D:9      | Learned a level 3 spell: Stone Arrow
 11217 | D:9      | Noticed a two-headed ogre
 11226 | D:9      | Killed a two-headed ogre
 11227 | D:9      | Reached skill level 5 in Long Blades
 11229 | D:9      | Reached skill level 1 in Earth Magic
 11280 | D:9      | Noticed a deep elf pyromancer
 11287 | D:9      | Killed a deep elf pyromancer
 11471 | D:9      | Reached skill level 2 in Earth Magic
 11476 | D:9      | Reached skill level 6 in Long Blades
 11776 | D:9      | You pick up a book of Necromancy and begin reading...
 11776 | D:9      | You add the spells Necrotise, Vampiric Draining, Martyr's
                  | Knell and Curse of Agony to your library.
 11788 | D:9      | Found The Oracle's Delphic Readings.
 11863 | D:9      | Noticed Maurice
 11868 | D:9      | Killed Maurice
 11869 | D:9      | Reached skill level 8 in Conjurations
 11937 | D:9      | Noticed a two-headed ogre
 11939 | D:9      | Noticed a two-headed ogre
 11941 | D:9      | Killed a two-headed ogre
 11972 | D:9      | HP: 18/77 [two-headed ogre/+0 giant club (21)]
 11974 | D:9      | Reached skill level 3 in Earth Magic
 11979 | D:9      | Killed a two-headed ogre
 11980 | D:9      | Reached skill level 7 in Long Blades
 12198 | D:9      | Reached skill level 8 in Spellcasting
 12342 | D:9      | Reached *** piety under Vehumet
 12491 | D:9      | Reached XP level 12. HP: 55/83 MP: 19/24
 12584 | D:10     | Entered Level 10 of the Dungeon
 12590 | D:10     | Found a staircase to the Lair.
 12602 | D:10     | Reached skill level 4 in Earth Magic
 12605 | D:10     | Reached skill level 8 in Long Blades
 12676 | D:10     | Offered knowledge of Volatile Blastmotes by Vehumet.
 12819 | D:10     | Noticed a two-headed ogre
 12824 | D:10     | Killed a two-headed ogre
 12846 | D:10     | Noticed an ogre mage
 12871 | D:10     | Killed an ogre mage
 12872 | D:10     | Reached skill level 11 in Air Magic
 12957 | D:10     | You pick up a book of Vapours and begin reading...
 12957 | D:10     | You add the spells Mercury Vapours, Mephitic Cloud and
                  | Freezing Cloud to your library.
 12962 | D:10     | Learned a level 3 spell: Mephitic Cloud
 12968 | D:10     | Learned a level 5 spell: Freezing Cloud
 13016 | D:10     | Reached **** piety under Vehumet
 13099 | D:10     | Noticed Nergalle
 13103 | D:10     | HP: 19/79 [cloud of freezing vapour (9)]
 13105 | D:10     | HP: 5/77 [spectral orc knight/+0 halberd[Nergalle] (5)]
 13162 | D:10     | Killed Nergalle
 13203 | D:10     | Reached skill level 12 in Air Magic
 13269 | D:10     | Noticed a boulder beetle
 13293 | D:10     | Killed a boulder beetle
 13294 | D:10     | Reached skill level 1 in Ice Magic
 13294 | D:10     | Reached skill level 1 in Alchemy
 13415 | D:10     | Noticed a boulder beetle
 13430 | D:10     | Killed a boulder beetle
 13431 | D:10     | Reached skill level 3 in Dodging
 13431 | D:10     | Reached skill level 2 in Ice Magic
 13431 | D:10     | Reached skill level 2 in Alchemy
 13453 | D:10     | Offered knowledge of Lee's Rapid Deconstruction by Vehumet.
 13633 | D:10     | Identified the amulet of Divine Compulsion {Will++ Regen+}
 13648 | D:10     | You pick up a book of Beasts and begin reading...
 13648 | D:10     | You add the spells Summon Ice Beast, Summon Mana Viper and
                  | Monstrous Menagerie to your library.
 13667 | D:10     | Identified the +9 arbalest of Iconoclasm {antimagic, rElec
                  | Int+5 Dex-5}
 13737 | D:10     | Noticed a seven-headed hydra
 13748 | D:10     | Noticed a centaur warrior
 13764 | D:10     | Killed a centaur warrior
 13765 | D:10     | Reached skill level 3 in Ice Magic
 13765 | D:10     | Reached skill level 3 in Alchemy
 13780 | D:10     | HP: 29/124 [six-headed hydra (8)]
 13783 | D:10     | HP: 12/124 [four-headed hydra (5)]
 13785 | D:10     | Killed a two-headed hydra
 13786 | D:10     | Reached skill level 4 in Dodging
 13840 | D:10     | Noticed Erica
 13869 | D:10     | Killed Erica
 14361 | D:10     | Found a sparkling altar of Nemelex Xobeh.
 14591 | D:11     | Noticed Amaemon
 14597 | D:11     | Reached skill level 4 in Ice Magic
 14597 | D:11     | Reached skill level 4 in Alchemy
 14597 | D:11     | Reached XP level 13. HP: 77/88 MP: 8/25
 14598 | D:11     | Killed Amaemon
 14599 | D:11     | Reached skill level 5 in Dodging
 14774 | D:11     | Reached skill level 6 in Dodging
 14830 | D:11     | Found Jyet Sea's Gadget Gallery.
 15961 | D:12     | Found a staircase to the Orcish Mines.
 16464 | D:12     | Reached ***** piety under Vehumet
 16464 | D:12     | Offered knowledge of Eringya's Noxious Bog by Vehumet.
 16936 | D:12     | Found Jyokh's Antique Armour Emporium.
 17058 | D:9      | Reached skill level 5 in Ice Magic
 17137 | Lair:1   | Entered Level 1 of the Lair of Beasts
 17208 | D:8      | Bought the Verses on Turbulence and the Quake for 1034 gold
                  | pieces
 17208 | D:8      | You add the spells Leda's Liquefaction, Summon Lightning
                  | Spire, Arcjolt, Silence, Permafrost Eruption and Chain
                  | Lightning to your library.
 17214 | D:8      | Learned a level 5 spell: Arcjolt
 17298 | Lair:1   | Learned a level 4 spell: Summon Lightning Spire
 17410 | Lair:1   | Reached skill level 9 in Spellcasting
 18125 | Lair:1   | Reached skill level 13 in Air Magic
 18544 | Lair:2   | Found a runed translucent door.
 18545 | Lair:2   | Found a shimmering altar of Xom.
 18545 | Lair:2   | Noticed Biggs's ghost (journeyman CoHu)
 18545 | Lair:2   | Identified the +3 quarterstaff of Calamity {chaos, rF-
                  | Str+4 SInv}
 18588 | Lair:2   | Reached skill level 6 in Ice Magic
 19020 | Lair:2   | You pick up a book of the Dragon and begin reading...
 19020 | Lair:2   | You add the spells Cause Fear, Fireball and Dragon's Call
                  | to your library.
 19386 | Lair:2   | Reached XP level 14. HP: 89/95 MP: 9/27
 19510 | Lair:2   | You pick up a book of the Senses and begin reading...
 19768 | Lair:3   | Reached skill level 10 in Spellcasting
 19785 | Lair:3   | Reached skill level 7 in Ice Magic
 19876 | Lair:3   | Found a staircase to the Snake Pit.
 20436 | Lair:3   | You fall into a shaft and drop 1 floor!
 20645 | Lair:4   | Offered knowledge of Bombard by Vehumet.
 20838 | Lair:4   | Identified the ring of Xom's Bemusement {AC+4 Int+6}
 21024 | Lair:4   | Reached skill level 8 in Ice Magic
 21024 | Lair:4   | Reached skill level 14 in Air Magic
 21583 | Lair:3   | Found a staircase to the Shoals.
 22080 | Lair:4   | Learned a level 3 spell: Ozocubu's Armour
 22091 | Lair:5   | Entered Level 5 of the Lair of Beasts
 22114 | Lair:5   | Reached skill level 5 in Fighting
 22114 | Lair:5   | Reached skill level 11 in Spellcasting
 22222 | Lair:5   | magus.rc [v1.9.6]
 22333 | Lair:5   | Offered knowledge of Plasma Beam by Vehumet.
 22369 | Lair:5   | Learned a level 6 spell: Plasma Beam
 22507 | Lair:5   | Reached skill level 1 in Fire Magic
 22732 | Lair:5   | Reached skill level 6 in Fighting
 22815 | Lair:5   | Reached skill level 2 in Fire Magic
 22815 | Lair:5   | Reached XP level 15. HP: 67/105 MP: 26/30
 23114 | Lair:5   | Reached skill level 3 in Fire Magic
 23119 | Lair:5   | You add the spells Ignite Poison, Sticky Flame and Ignition
                  | to your library.
 23605 | Lair:5   | Found a staircase to the Slime Pits.
 23605 | Lair:5   | Found a viscous altar of Jiyva.
 24050 | D:10     | magus.rc [v1.9.6]
 24169 | D:12     | Bought a runed helmet for 240 gold pieces
 24401 | D:12     | You pick up a book of Hexes and begin reading...
 24624 | D:13     | Reached skill level 15 in Air Magic
 24686 | D:13     | Found a frozen archway.
 24693 | D:13     | Reached skill level 4 in Fire Magic
 24703 | IceCv    | Entered an ice cave
 24714 | IceCv    | Found a transporter.
 24722 | IceCv    | Found a transporter.
 24751 | IceCv    | You pick up a book of Fire and begin reading...
 24751 | IceCv    | You add the spells Foxfire and Starburst to your library.
 24897 | D:13     | Reached skill level 12 in Spellcasting
 24901 | D:13     | You pick up a book of the Earth and begin reading...
 25456 | D:13     | Reached skill level 5 in Fire Magic
 25577 | D:13     | Found a gate to the Vaults.
 25861 | D:13     | magus.rc [v1.9.6]
 26085 | D:14     | Offered knowledge of Conjure Ball Lightning by Vehumet.
 26092 | D:14     | Reached skill level 6 in Fire Magic
 26479 | D:14     | HP: 25/105 [fire dragon/blast of flame (36)]
 26904 | D:14     | Identified the +6 shortbow "Otothi" {speed, rPois Int-3
                  | Dex+4}
 27041 | D:15     | Entered Level 15 of the Dungeon
 27054 | D:15     | Reached skill level 7 in Fire Magic
 27054 | D:15     | Reached skill level 16 in Air Magic
 27375 | D:15     | Reached skill level 8 in Fire Magic
 27379 | D:15     | Reached XP level 16. HP: 102/111 MP: 30/32
 27382 | D:15     | Reached skill level 1 in Armour
 27464 | D:15     | You pick up a book of Callings and begin reading...
 27464 | D:15     | You add the spells Summon Small Mammal, Call Canine
                  | Familiar and Summon Blazeheart Golem to your library.
 27544 | D:15     | You pick up a book of Conjurations {@e2} and begin
                  | reading...
 27544 | D:15     | You add the spells Magic Dart, Searing Ray and Fulminant
                  | Prism to your library.
 27577 | D:15     | Reached skill level 2 in Armour
 27788 | D:15     | magus.rc [v1.9.6]
 27950 | D:15     | Noticed Roxanne
 28236 | D:15     | Killed Roxanne
 28522 | D:15     | Found a staircase to the Depths.
 28616 | D:15     | Reached skill level 3 in Armour
 29008 | Orc:1    | Entered Level 1 of the Orcish Mines
 29011 | Orc:1    | Offered knowledge of Irradiate by Vehumet.
 29018 | Orc:1    | Reached skill level 7 in Fighting
 29147 | Orc:2    | Entered Level 2 of the Orcish Mines
 29147 | Orc:2    | Found a staircase to the Elven Halls.
 29175 | Orc:2    | Reached skill level 7 in Dodging
 29713 | Orc:1    | Found Atiserae's Magic Scroll Shop.
 30013 | Orc:1    | Reached skill level 4 in Armour
 30271 | Orc:2    | Noticed Jorgrun
 30287 | Orc:2    | Killed Jorgrun
 30486 | Orc:2    | Noticed Erolcha
 30488 | Orc:2    | Offered knowledge of Ozocubu's Refrigeration by Vehumet.
 30491 | Orc:2    | Killed Erolcha
 30537 | Orc:2    | Noticed Rupert
 30797 | Orc:2    | Reached skill level 8 in Fighting
 30797 | Orc:2    | Reached skill level 5 in Armour
 30821 | Orc:2    | Found a roughly hewn altar of Beogh.
 30836 | Orc:2    | Reached skill level 8 in Dodging
 30848 | Orc:2    | Found Lyawuarch's Jewellery Shoppe.
 30856 | Orc:2    | Found Pekuegin's Antique Armour Shoppe.
 30953 | Orc:2    | Found Jimank's Antique Weapon Shoppe.
 31225 | Orc:2    | Found Vottigge's General Store.
 31230 | Orc:2    | Killed Rupert
 31475 | Orc:2    | Upgraded the game from 0.32-a0-818-gb728d0252e to
                  | 0.32-a0-876-gcfddb08e57
 31475 | Orc:2    | magus.rc [v1.9.6]
 31539 | Orc:2    | Bought a jewelled scale mail for 252 gold pieces
 31539 | Orc:2    | Identified the +2 scale mail "Peum" {Fly Regen+ rCorr} (You
                  | bought it in a shop on level 2 of the Orcish Mines)
 31883 | Orc:2    | magus.rc [v1.9.6]
 31883 | Orc:2    | Bought a +6 ring of intelligence for 504 gold pieces
 31883 | Orc:2    | Bought a +6 ring of dexterity for 504 gold pieces
 32227 | Snake:1  | Entered Level 1 of the Snake Pit
 32237 | Snake:1  | Noticed Nikola
 32251 | Lair:3   | Killed Nikola
 32495 | Snake:1  | Reached skill level 6 in Armour
 32508 | Snake:1  | Reached skill level 9 in Fighting
 32519 | Snake:1  | Reached skill level 9 in Dodging
 32519 | Snake:1  | HP: 27/120 [shock serpent/electric aura (10)]
 32524 | Snake:1  | HP: 25/120 [shock serpent/bolt of electricity (5)]
 32788 | Snake:1  | Found Gatwouso's Weapon Shop.
 32843 | Snake:1  | Identified the +4 rapier "Inis" {vamp, +Blink Str-5 Dex+3}
 32949 | Snake:1  | Reached XP level 17. HP: 114/126 MP: 2/33
 33145 | Snake:1  | Found Ukayd's Jewellery Shoppe.
 33146 | Snake:1  | Found Habux's Book Shop.
 33147 | Snake:1  | Found Efeus's Jewellery Shoppe.
 33157 | Snake:1  | Bought the ring "Pekof" {rPois Int+5} for 450 gold pieces
 33899 | Snake:2  | Reached skill level 10 in Fighting
 33909 | Snake:2  | Reached skill level 10 in Dodging
 34520 | Snake:2  | You add the spells Call Imp, Blink and Lesser Beckoning to
                  | your library.
 34520 | Snake:2  | Got The Keys to Witchery
 34524 | Snake:2  | Learned a level 2 spell: Blink
 34689 | Snake:2  | Identified the +5 dagger of Generosity {antimagic, Str+2}
 34730 | Snake:2  | Upgraded the game from 0.32-a0-876-gcfddb08e57 to
                  | 0.32-a0-886-g41c5271027
 34730 | Snake:2  | magus.rc [v1.9.6]
 34933 | Snake:2  | Reached skill level 6 in Shields
 35186 | Snake:2  | Reached ****** piety under Vehumet
 35358 | Snake:2  | Noticed Donald
 35366 | Snake:2  | Killed Donald
 35368 | Snake:2  | E - a +0 double sword {longrare=g}
 36361 | D:1      | Bought a scroll of teleportation for 39 gold pieces
 36361 | D:1      | Bought a scroll of fog for 52 gold pieces
 36361 | D:1      | Bought a scroll of amnesia for 52 gold pieces
 36361 | D:1      | Bought a scroll of teleportation for 39 gold pieces
 36361 | D:1      | Bought a scroll of brand weapon for 123 gold pieces
 36543 | D:9      | your +0 double sword {longrare=g} thirsts for the lives of
                  | mortals!
 36543 | D:9      | E - a +0 vampiric double sword {longrare=g}
 36544 | D:9      | Bought a scroll of brand weapon for 133 gold pieces
 36610 | D:10     | E - a +0 vampiric double sword {longrare=g}
 36610 | D:10     | c - a +0 vampiric double sword {longrare=g}
 36861 | Snake:3  | Offered knowledge of Maxwell's Capacitive Coupling by
                  | Vehumet.
 36948 | Snake:3  | Reached skill level 7 in Shields
 37440 | Snake:3  | Reached skill level 8 in Shields
 38042 | Snake:3  | Reached skill level 9 in Shields
 38647 | Snake:4  | Entered Level 4 of the Snake Pit
 38712 | Snake:4  | Reached skill level 10 in Shields
 39023 | Snake:4  | You pick up a book of the Dragon and begin reading...
 39118 | Snake:4  | Reached skill level 11 in Shields
 39141 | Snake:4  | Reached XP level 18. HP: 135/135 MP: 32/34
 39576 | Snake:4  | Found a shimmering altar of Xom.
 39597 | Snake:4  | Reached skill level 12 in Shields
 39722 | Snake:4  | Noticed Saint Roka
 39873 | Snake:4  | Identified the +7 sling of the Equator {antimagic, ^Contam
                  | +Blink Str+7}
 40240 | Snake:4  | Offered knowledge of Fire Storm by Vehumet.
 40240 | Snake:4  | Offered knowledge of Shatter by Vehumet.
 40240 | Snake:4  | Offered knowledge of Polar Vortex by Vehumet.
 40333 | Snake:4  | Reached skill level 13 in Shields
 40363 | Snake:4  | Killed Saint Roka
 40576 | Snake:4  | Reached skill level 14 in Shields
 40864 | Snake:4  | Got a serpentine rune of Zot
 41181 | D:10     | Upgraded the game from 0.32-a0-886-g41c5271027 to
                  | 0.32-a0-898-g7811c86cf0
 41181 | D:10     | magus.rc [v1.9.6]
 41284 | Shoals:1 | Entered Level 1 of the Shoals
 41423 | Lair:3   | Reached skill level 1 in Translocations
 41915 | Shoals:1 | Reached skill level 2 in Translocations
 42197 | Shoals:1 | Reached skill level 15 in Shields
 42197 | Shoals:1 | Reached skill level 3 in Translocations
 42369 | Shoals:1 | Identified the +6 trident "Orb Guardian's Peril" {venom,
                  | rCorr}
 43166 | Shoals:2 | Upgraded the game from 0.32-a0-898-g7811c86cf0 to
                  | 0.32-a0-900-g30fb1b0edc
 43166 | Shoals:2 | magus.rc [v1.9.6]
 43172 | Shoals:2 | Reached skill level 4 in Translocations
 43674 | Shoals:2 | Found a snail-covered altar of Cheibriados.
 43727 | Shoals:2 | Identified the +0 pair of boots of Rotten Leaves {^Contam
                  | Int+5 Dex+4}
 43746 | Shoals:2 | magus.rc [v1.9.6]
 43962 | Shoals:2 | Reached XP level 19. HP: 114/137 MP: 15/35
 44057 | Shoals:2 | Reached skill level 9 in Fire Magic
 44134 | Shoals:3 | Noticed Bai Suzhen
 44137 | Shoals:3 | Noticed Polyphemus
 44442 | Shoals:3 | Killed Polyphemus
 44886 | Shoals:3 | Noticed Ilsuiw
 44919 | Shoals:3 | Killed Ilsuiw
 44920 | Shoals:3 | Reached skill level 11 in Fighting
 44961 | Shoals:3 | Killed Bai Suzhen
 44962 | Shoals:3 | Reached skill level 11 in Dodging
 45453 | Shoals:3 | Upgraded the game from 0.32-a0-900-g30fb1b0edc to
                  | 0.32-a0-913-g739538afd8
 45453 | Shoals:3 | magus.rc [v1.9.6]
 45469 | Shoals:4 | Entered Level 4 of the Shoals
 45618 | Shoals:4 | Reached skill level 10 in Fire Magic
 45624 | Shoals:4 | Identified the ring "Ynu Hol" {rN++ rCorr Str+6}
 46163 | Shoals:4 | Found Syv Nix's Book Shop.
 46275 | Shoals:4 | Reached skill level 12 in Fighting
 46281 | Shoals:4 | Reached skill level 12 in Dodging
 46412 | Shoals:4 | You add the spells Apportation and Passage of Golubria to
                  | your library.
 46412 | Shoals:4 | Got the Teachings on the Atmospheric Voyage
 46956 | Shoals:4 | Got a barnacled rune of Zot
 47181 | Shoals:4 | Identified the +8 hand axe of the Bespelling Gods {speed,
                  | rCorr Int+8 Dex+4 Stlth-}
 47838 | Snake:1  | Bought Maxwell's Memoranda for 532 gold pieces
 47838 | Snake:1  | You add the spells Maxwell's Portable Piledriver and
                  | Maxwell's Capacitive Coupling to your library.
 47847 | Snake:1  | Learned a level 8 spell: Maxwell's Capacitive Coupling
 47849 | Snake:1  | Learned a level 1 spell: Apportation
 48180 | Elf:1    | Entered Level 1 of the Elven Halls
 48191 | Elf:1    | Reached skill level 9 in Conjurations
 48251 | Elf:1    | Identified the +2 robe "Yllaot" {rPois rCorr Int+4 Stlth+}
 48252 | Elf:1    | Paralysed by an air elemental for 1 turns
 48684 | Elf:1    | Reached XP level 20. HP: 147/153 MP: 30/36
 48733 | Elf:1    | Found Wawiah's Distillery.
 48733 | Elf:1    | Found Loryheg's Armour Shop.
 48737 | Elf:1    | Found Muacer's General Store.
 48889 | Elf:1    | Paralysed by an air elemental for 1 turns
 49604 | Elf:1    | Paralysed by an air elemental for 1 turns
 49607 | Elf:1    | Paralysed by an air elemental for 1 turns
 49798 | Elf:2    | Paralysed by an air elemental for 1 turns
 49998 | Elf:2    | Paralysed by an air elemental for 1 turns
 50003 | Elf:1    | Paralysed by an air elemental for 1 turns
 50148 | Elf:1    | Reached skill level 9 in Long Blades
 50206 | Elf:2    | Paralysed by an air elemental for 1 turns
 50257 | Elf:2    | Found Ugoikim's Antique Armour Emporium.
 50293 | Elf:2    | Bought a twisted robe for 222 gold pieces
 50293 | Elf:2    | Identified the +0 robe "Man Zei" {Harm rPois Dex-4 Slay+2}
                  | (You bought it in a shop on level 2 of the Elven Halls)
 50423 | Elf:2    | Reached skill level 10 in Conjurations
 50468 | Elf:2    | Found a runed translucent gate.
 50468 | Elf:2    | Found a runed translucent gate.
 50472 | Elf:2    | Found a runed translucent gate.
 50560 | Elf:2    | Noticed Frances
 50565 | Elf:2    | Killed Frances
 51064 | D:10     | magus.rc [v1.9.6]
 51213 | Elf:3    | Entered Level 3 of the Elven Halls
 51221 | Elf:3    | Found Ysiw Ygo's Magic Scroll Boutique.
 51225 | Elf:3    | Reached skill level 17 in Air Magic
 51279 | Elf:3    | Bought a scroll of enchant weapon for 105 gold pieces
 51279 | Elf:3    | Bought a scroll of enchant weapon for 105 gold pieces
 51279 | Elf:3    | your +0 vampiric double sword {longrare=g} glows red for a
                  | moment.
 51280 | Elf:3    | your +1 vampiric double sword {longrare=g} glows red for a
                  | moment.
 51604 | D:1      | Bought a scroll of enchant weapon for 97 gold pieces
 51604 | D:1      | Bought a scroll of fog for 52 gold pieces
 51604 | D:1      | your +2 vampiric double sword {longrare=g} glows red for a
                  | moment.
 51810 | D:10     | your +3 vampiric double sword {longrare=g} glows red for a
                  | moment.
 51811 | D:10     | your +4 vampiric double sword {longrare=g} glows red for a
                  | moment.
 51812 | D:10     | c - a +5 vampiric double sword {longrare=g}
 51812 | D:10     | a - a +5 vampiric double sword {longrare=g}
 51812 | D:10     | a - a +5 vampiric double sword (weapon) {longrare=g}
 51813 | D:10     | magus.rc [v1.9.6]
 52258 | Elf:3    | Found Feroluirph's Weapon Emporium.
 52798 | Elf:3    | Reached skill level 10 in Long Blades
 52799 | Elf:3    | Killed from afar by a deep elf elementalist

Vanquished Creatures
  Bai Suzhen (Shoals:3)
  Saint Roka (Snake:4)
  Nikola (Lair:3)
  Jorgrun (Orc:2)
  Rupert (Orc:2)
  2 deep elf blademasters (Elf:3)
  Frances (Elf:2)
  Polyphemus (Shoals:3)
  Roxanne (D:15)
  4 nagarajas
  Donald (Snake:2)
  Ilsuiw (Shoals:3)
  A deep elf elementalist (Elf:3)
  5 deep elf sorcerers (Elf:3)
  5 orc warlords
  3 deep elf death magi (Elf:3)
  A deep elf annihilator (Elf:3)
  8 merfolk impalers
  5 merfolk javelineers
  An ettin (Orc:2)
  A spectral kraken (Shoals:2)
  2 fire dragons
  4 deep elf high priests (Elf:3)
  Erolcha (Orc:2)
  2 salamander tyrants
  An ice dragon (D:15)
  5 hydras
  A vault guard (D:13)
  Erica (D:10)
  3 ghost crabs (Shoals:2)
  10 anacondas
  5 boulder beetles
  2 catoblepae
  An ogre mage (D:10)
  8 merfolk avatars
  11 dancing weapons
  7 merfolk aquamancers
  A satyr (Shoals:4)
  7 two-headed ogres
  6 centaur warriors
  2 death yaks (Shoals:3)
  4 orc high priests
  An occultist (D:15)
  A tengu warrior (D:13)
  16 naga sharpshooters
  9 shock serpents
  Nergalle (D:10)
  11 deep elf knights
  15 naga warriors
  A spectral formless jellyfish (Shoals:2)
  Amaemon (D:11)
  3 salamander mystics
  3 deep elf archers
  19 sea snakes
  10 skysharks
  An arcanist (D:14)
  12 mana vipers
  A goliath frog (Lair:5)
  12 naga ritualists
  A thermic dynamo (Elf:2)
  Pikel (D:6)
  10 harpies
  10 deep elf zephyrmancers
  4 orc knights
  16 deep elf pyromancers
  A lindwurm (Lair:5)
  A salamander (shapeshifter) (Elf:1)
  8 cyclopes
  10 orc sorcerers
  20 manticores
  11 fauns
  14 ugly things
  An oklob plant (Lair:2)
  19 salamanders
  12 merfolk sirens
  Maurice (D:9)
  An elephant (shapeshifter) (Elf:3)
  12 elephants
  A black mamba (shapeshifter) (D:15)
  2 ice statues (IceCv)
  An orange demon (D:11)
  2 water nymphs
  9 guardian serpents
  A cane toad (shapeshifter) (D:13)
  14 naga magi
  2 kobold blastminers (Orc:2)
  21 cane toads
  35 black mambas
  A gargoyle (D:13)
  A spectral sea snake (Shoals:2)
  2 kobold demonologists (D:9)
  7 komodo dragons
  2 unseen horrors
  6 rime drakes
  3 efreet
  An anaconda simulacrum (IceCv)
  2 freezing wraiths
  A spectral water nymph (Shoals:2)
  A tengu conjurer (D:14)
  A spectral harpy (Shoals:2)
  5 polar bears
  29 merfolk
  Grinder (D:6)
  6 trolls
  3 hornets
  5 wind drakes
  7 dream sheep
  14 blink frogs
  2 spectral merfolk (Shoals:2)
  10 snapping turtles
  7 slime creatures
  7 air elementals
  11 water elementals
  4 vampires
  A fire elemental (Elf:3)
  5 wraiths
  6 shadows
  A nameless horror (Lair:3)
  4 steam dragons
  27 yaks
  6 basilisks
  5 wyverns
  19 vampire mosquitoes
  2 wargs
  A swamp worm (shapeshifter) (D:14)
  2 acid dragons
  52 nagas
  14 water moccasins
  33 orc warriors
  An ice beast (D:6)
  3 sky beasts (D:7)
  8 black bears (Lair:1)
  3 ogres
  3 laughing skulls
  9 wolves
  12 centaurs
  A crocodile (D:7)
  4 lemures (D:6)
  2 phantoms (D:5)
  8 kobold brigands
  Blork the orc (D:5)
  A gnoll sergeant (D:9)
  4 scorpions
  17 bullfrogs
  An earth elemental (Elf:1)
  8 wights
  2 killer bees (D:7)
  2 elephant simulacra (IceCv)
  6 howler monkeys
  7 electric eels
  3 bombardier beetles
  5 jellies
  19 orc priests
  4 sleepcaps
  A gnoll bouda (D:5)
  4 hounds
  10 iguanas
  31 orc wizards
  7 gnolls (D:5)
  4 adders
  2 river rats (D:10)
  A shadow imp (D:7)
  5 white imps
  2 ufetubi (D:5)
  A dart slug (D:3)
  91 orcs
  10 ball pythons
  8 bats
  8 endoplasms
  5 giant cockroaches
  11 hobgoblins
  6 jackals
  6 quokkas
  4 goblins
  A goblin skeleton (D:3)
  2 goblin zombies (D:3)
  2 hobgoblin zombies (D:3)
  18 kobolds
  A kobold skeleton (D:3)
  A kobold zombie (D:3)
  An orc skeleton (D:3)
  3 rats
  4 tentacles (Shoals:2)
1189 creatures vanquished.

Vanquished Creatures (collateral kills)
  2 anacondas (Snake:1)
  A two-headed ogre (D:13)
  A naga sharpshooter (Snake:3)
  A goliath frog (Lair:5)
  2 mana vipers (Snake:1)
  4 ugly things (D:14)
  A cyclops (D:14)
  5 elephants
  7 black mambas
  2 black mambas (shapeshifter) (D:14)
  A naga mage (Snake:1)
  7 cane toads
  A komodo dragon (Lair:3)
  A troll (Orc:2)
  11 blink frogs
  2 slime creatures (D:13)
  A basilisk (Lair:2)
  A vampire mosquito (Lair:5)
  2 nagas
  6 water moccasins
  4 orc warriors
  2 wolves
  3 bullfrogs
  2 cane toad simulacra (IceCv)
  A hornet simulacrum (D:13)
  A nameless horror (Lair:2)
  5 orc priests
  An orc wizard (Orc:2)
  4 orcs (Orc:2)
82 creatures vanquished.

Vanquished Creatures (others)
  A deep elf elementalist (Elf:3)
  A deep elf knight (Elf:1)
  A manticore (Shoals:1)
  An orc wizard (D:7)
4 creatures vanquished.

Grand Total: 1275 creatures vanquished

Table legend:
 A = Non-vault XP
 B = Vault XP
 C = Vault XP percentage of total XP
 D = Non-vault monster count
 E = Vault monster count
 F = Vault count percentage of total count
                 A         B        C        D         E       F
            +---------+---------+-------+---------+---------+-------
      Total |  266022 |  182128 |  40.6 |     857 |     407 |  32.2
            +---------+---------+-------+---------+---------+-------
        D:1 |      48 |       2 |   4.0 |      27 |       1 |   3.6
        D:2 |      84 |       0 |   0.0 |      16 |       0 |   0.0
        D:3 |     103 |      18 |  14.9 |      19 |       9 |  32.1
        D:4 |     586 |       3 |   0.5 |      31 |       1 |   3.1
        D:5 |     757 |      90 |  10.6 |      24 |       1 |   4.0
        D:6 |     938 |     958 |  50.5 |      21 |       2 |   8.7
        D:7 |     796 |    2980 |  78.9 |      17 |      22 |  56.4
        D:8 |     195 |       0 |   0.0 |       4 |       0 |   0.0
        D:9 |    4505 |    6488 |  59.0 |      29 |      30 |  50.8
       D:10 |    3510 |    9423 |  72.9 |      27 |      28 |  50.9
       D:11 |    4332 |    1204 |  21.7 |      18 |       2 |  10.0
       D:12 |    4460 |    1549 |  25.8 |      16 |      20 |  55.6
       D:13 |    4463 |    4570 |  50.6 |      15 |       9 |  37.5
       D:14 |   10593 |    4088 |  27.8 |      21 |       9 |  30.0
       D:15 |   14336 |    3213 |  18.3 |      42 |       3 |   6.7
     Lair:1 |    4138 |    2214 |  34.9 |      15 |      12 |  44.4
     Lair:2 |    6014 |       0 |   0.0 |      19 |       0 |   0.0
     Lair:3 |    9399 |    5169 |  35.5 |      25 |      12 |  32.4
     Lair:4 |    7119 |       0 |   0.0 |      20 |       0 |   0.0
     Lair:5 |   10469 |   12890 |  55.2 |      33 |      38 |  53.5
   Shoals:1 |   18695 |       0 |   0.0 |      39 |       0 |   0.0
   Shoals:2 |    4826 |    5888 |  55.0 |       8 |      10 |  55.6
   Shoals:3 |   12974 |   10750 |  45.3 |      27 |      10 |  27.0
   Shoals:4 |   17583 |   26487 |  60.1 |      40 |      40 |  50.0
    Snake:1 |   16589 |    2317 |  12.3 |      34 |       7 |  17.1
    Snake:2 |   18838 |    3685 |  16.4 |      34 |       5 |  12.8
    Snake:3 |   15551 |    6672 |  30.0 |      30 |      11 |  26.8
    Snake:4 |   32659 |   24998 |  43.4 |      69 |      47 |  40.5
      Orc:1 |    5221 |       0 |   0.0 |      37 |       0 |   0.0
      Orc:2 |    7490 |   11596 |  60.8 |      50 |      34 |  40.5
      Elf:1 |   19328 |    8374 |  30.2 |      34 |      13 |  27.7
      Elf:2 |    5504 |    5560 |  50.3 |       9 |       6 |  40.0
      Elf:3 |    3919 |   18524 |  82.5 |       7 |      16 |  69.6
      IceCv |       0 |    2418 | 100.0 |       0 |       9 | 100.0
            +---------+---------+-------+---------+---------+-------

Skill      XL: |  1  2  3  4  5  6  7  8  9 10 11 12 13 14 15 16 17 18 19 20 |
---------------+-------------------------------------------------------------+-----
Conjurations   | 2 3 4 5 6 7 8 9 10 | 10.7
Air Magic      | 4 5 6 8 10 12 13 14 16 17 | 17.2
Spellcasting   | 3 4 5 6 8 9 11 12 | 12.0
Shields        | 1 2 3 4 5 11 15 | 15.0
Fighting       | 3 4 6 9 10 12 | 12.0
Stealth        | 4 5 |  5.0
Long Blades    | 3 7 8 10 | 10.0
Earth Magic    | 3 4 |  4.0
Ice Magic      | 4 6 8 |  8.0
Alchemy        | 4 |  4.0
Dodging        | 4 6 9 10 12 | 12.0
Fire Magic     | 2 8 10 | 10.0
Armour         | 6 |  6.0
Translocations | 4 |  4.0

Action                     |  1- 3 |  4- 6 |  7- 9 | 10-12 | 13-15 | 16-18 | 19-21 || total
---------------------------+-------+-------+-------+-------+-------+-------+-------++-------
  Melee: Whip              |    23 |    66 |    66 |    24 |       |       |       ||   179
         Scimitar          |       |       |       |    87 |   220 |   287 |   191 ||   785
         Staff             |       |       |       |     8 |    14 |       |     3 ||    25
         Double sword      |       |       |       |       |       |       |    15 ||    15
   Fire: Sling             |       |       |     3 |       |       |       |       ||     3
  Throw: Dart              |       |       |     1 |     9 |     1 |     1 |       ||    12
         Throwing net      |       |       |       |       |       |     2 |       ||     2
   Cast: Shock             |    56 |    75 |   137 |   200 |    34 |    23 |     1 ||   526
         Static Discharge  |     1 |    21 |    43 |   129 |    26 |       |       ||   220
         Airstrike         |       |       |    11 |    68 |    51 |    19 |     1 ||   150
         Freezing Cloud    |       |       |       |    14 |   125 |   266 |   128 ||   533
         Stone Arrow       |       |       |       |     2 |    17 |     1 |       ||    20
         Arcjolt           |       |       |       |       |    55 |    62 |    69 ||   186
         Summon Lightning  |       |       |       |       |    60 |    31 |       ||    91
         Ozocubu's Armour  |       |       |       |       |    13 |    21 |     1 ||    35
         Plasma Beam       |       |       |       |       |    40 |   105 |    59 ||   204
         Blink             |       |       |       |       |       |     3 |     2 ||     5
         Maxwell's Capacit |       |       |       |       |       |       |    12 ||    12
  Evoke: Wand              |       |       |       |     6 |     4 |     9 |     3 ||    22
    Use: Scroll            |     2 |     3 |     8 |    13 |    11 |     6 |    11 ||    54
         Potion            |       |     2 |     1 |     3 |     2 |     4 |     4 ||    16
   Stab: Sleeping          |     1 |     2 |     1 |     1 |     3 |       |     1 ||     9
         Distracted        |       |     1 |       |       |    10 |     1 |       ||    12
         Held in net/web   |       |       |       |       |       |     3 |       ||     3
 Armour: Robe              |    22 |    87 |   145 |    92 |       |       |   143 ||   489
         Acid dragon scale |       |       |       |   277 |   238 |       |       ||   515
         Ring mail         |       |       |       |       |   116 |   154 |       ||   270
         Scale mail        |       |       |       |       |       |   392 |   169 ||   561
  Dodge: Dodged            |    27 |    58 |    83 |   134 |   183 |   235 |   154 ||   874
  Block: Buckler           |       |    20 |    31 |    73 |    87 |    49 |       ||   260
         Kite shield       |       |       |       |       |       |   216 |   270 ||   486
         Reflection        |       |       |       |       |       |    60 |    27 ||    87

Illustrated notes

Table legend:
 A = Kills in this place as a percentage of kills in the entire game.
 B = Kills by you in this place as a percentage of kills by you in the entire game.
 C = Kills by friends in this place as a percentage of kills by friends in the entire game.
 D = Other kills in this place as a percentage of other kills in the entire game.
 E = Experience gained in this place as a percentage of experience gained in the entire game.
 F = Experience gained in this place divided by the number of levels of this place that you have seen.
                   A       B       C       D       E      F
               +-------+-------+-------+-------+-------+----------------------
         Total | 100.0 | 100.0 | 100.0 | 100.0 | 100.0 | 12804.3
       Dungeon |  36.7 |  38.3 |  13.6 |  33.3 |  18.8 | 5619.5
          Lair |  13.8 |  11.4 |  49.4 |   0.0 |  12.8 | 11482.4
        Shoals |  13.8 |  14.7 |   0.0 |  33.3 |  21.7 | 24300.8
     Snake Pit |  18.8 |  19.0 |  16.0 |   0.0 |  27.1 | 30327.2
  Orcish Mines |   9.6 |   9.0 |  18.5 |   0.0 |   5.4 | 12153.5
   Elven Halls |   6.7 |   7.1 |   0.0 |  33.3 |  13.7 | 20403.0
      Ice Cave |   0.7 |   0.6 |   2.5 |   0.0 |   0.5 | 2418.0
               +-------+-------+-------+-------+-------+----------------------

Table legend: (Time is in decaauts)
 A = Elapsed time spent in this place.
 B = Non-inter-level travel time spent in this place.
 C = Inter-level travel time spent in this place.
 D = Time resting spent in this place.
 E = Time spent auto-exploring this place.
 F = Levels seen in this place.
 G = Mean time per level.
                   A        B        C        D        E       F      G
               +--------+--------+--------+--------+--------+-----+--------+
         Total |  53022 |  47280 |   5742 |   2315 |  35036 |  35 | 1514.9 |
       Dungeon |  24299 |  21478 |   2821 |    719 |  16521 |  15 | 1619.9 |
        Temple |     42 |     18 |     24 |      0 |      0 |   1 |   42.0 |
          Lair |   8458 |   7227 |   1231 |    701 |   5462 |   5 | 1691.6 |
        Shoals |   5602 |   5300 |    302 |    237 |   3155 |   4 | 1400.5 |
     Snake Pit |   7806 |   7268 |    538 |    213 |   5555 |   4 | 1951.5 |
  Orcish Mines |   2868 |   2416 |    452 |    114 |   1829 |   2 | 1434.0 |
   Elven Halls |   3870 |   3497 |    373 |    331 |   2513 |   3 | 1290.0 |
      Ice Cave |     74 |     74 |      0 |      0 |      0 |   1 |   74.0 |
               +--------+--------+--------+--------+--------+-----+--------+

Top non-repeatable levels by time:
    D:10: 2694 daAuts
     D:9: 2627 daAuts
  Lair:3: 2364 daAuts
   Elf:1: 2222 daAuts
     D:7: 2195 daAuts
   Orc:2: 2184 daAuts
 Snake:4: 2166 daAuts
 Snake:3: 2017 daAuts
 Snake:2: 1995 daAuts
    D:12: 1882 daAuts
  Lair:1: 1834 daAuts
    D:11: 1761 daAuts
    D:15: 1757 daAuts
  Lair:5: 1667 daAuts
Shoals:3: 1652 daAuts
